[Event "Saturday Night Engine Tour 13 rd Swiss 5m+1s Starts at 2200hrs ST"]
[Site "Infinity Chess"]
[Date "2018.1.14"]
[Round "13"]
[White "Pirate"]
[Black "MarioDeMonti"]
[Result "1/2-1/2"]
[ECO "C58"]
[WhiteElo "2568"]
[BlackElo "2485"]
[WhiteEngine "asmFishW_20_bmi2_CTG"]
[BlackEngine "stockfish_x64_bmi2_2018_01_01_CTG"]
[EventType "Swiss"]
[WhiteTeam ""]
[BlackTeam ""]
[PlyCount "100"]
[TimeControl "300+1"]

1. e4 e5 2. Nf3 Nc6 3. Bc4 Nf6 4. Ng5 d5 5. exd5 Na5 6. Bb5+ c6 7. dxc6 bxc6 
8. Qf3 Rb8 9. Be2 Be7 10. Ne4 O-O 11. Nxf6+ Bxf6 12. Nc3 c5 13. O-O Bb7 
14. Qd3 Qxd3 15. Bxd3 Nc6 16. Na4 Be7 17. c3 Rfd8 18. Bc2 Ba6 19. Rd1 Be2 
20. Re1 Bb5 21. b3 g6 22. Nb2 f5 23. f3 Bh4 24. g3 Bf6 25. Bd1 Na5 26. Kf2 h5 
27. Rb1 Kg7 28. Be2 a6 29. Bf1 f4 30. d3 Bc6 31. Bd2 g5 32. gxf4 exf4 
33. Rbc1 Rd6 34. d4 cxd4 35. Nd3 Rxb3 36. axb3 Nxb3 37. Rc2 Nxd2 38. Rxd2 dxc3 
39. Rc2 Ba4 40. Ra2 Bc6 41. Rc2 Ba4 42. Rcc1 Bb5 43. Nb4 Rd2+ 44. Kg1 Ba4 
45. Bxa6 c2 46. Nxc2 Bxc2 47. Re2 Rd1+ 48. Re1 Rd2 49. Re2 Rd1+ 50. Re1 Rd2 
1/2-1/2

[Event "Saturday Night Engine Tour 13 rd Swiss 5m+1s Starts at 2200hrs ST"]
[Site "Infinity Chess"]
[Date "2018.1.14"]
[Round "13"]
[White "Dovahkiin"]
[Black "Thor"]
[Result "1/2-1/2"]
[ECO "D00"]
[WhiteElo "2414"]
[BlackElo "2602"]
[WhiteEngine "BrainFish_180106_x64_modern_CTG"]
[BlackEngine "asmFishW_2017-11-19_bmi2"]
[EventType "Swiss"]
[WhiteTeam ""]
[BlackTeam ""]
[PlyCount "180"]
[TimeControl "300+1"]

1. d4 d5 2. Bf4 c5 3. e3 Nc6 4. c3 Nf6 5. Nd2 Bf5 6. Ngf3 Qb6 7. Qc1 e6 
8. Be2 Nh5 9. Be5 Be7 10. O-O O-O 11. h3 cxd4 12. Nxd4 Bg6 13. Nxc6 bxc6 
14. c4 Nf6 15. b3 Nd7 16. Bc3 a5 17. Qd1 Bc5 18. Rc1 Ba3 19. Ra1 Bc5 20. Rc1 Ba3 
21. Ra1 Rfd8 22. Nf3 Nf6 23. Bxf6 gxf6 24. Qd4 Qxd4 25. Nxd4 Rdc8 26. h4 e5 
27. h5 Be4 28. f3 exd4 29. fxe4 dxe3 30. exd5 cxd5 31. Rfd1 dxc4 32. Bxc4 Rc5 
33. Rd7 Rf8 34. Kf1 Rxh5 35. Ke2 Rg5 36. Bd5 Re5 37. Rd1 Kg7 38. Rd3 Bc1 
39. Rc3 Bd2 40. Rcc7 Rg5 41. a3 h5 42. Be4 h4 43. Bd5 Rg4 44. Rxf7+ Rxf7 
45. Rxf7+ Kg6 46. Rd7 Rf4 47. Bf3 f5 48. Rc7 Kg5 49. Rc8 Rd4 50. Rg8+ Kf6 
51. Rf8+ Ke6 52. Re8+ Kf6 53. Rf8+ Kg6 54. Rc8 Rd6 55. Rg8+ Kf6 56. Rf8+ Kg5 
57. Rg8+ Kf6 58. Rf8+ Ke6 59. Re8+ Kf7 60. Rh8 Rd4 61. Rc8 Ke7 62. Rc5 Kf6 
63. Bb7 Rg4 64. Bd5 Rg3 65. Bc6 Kg5 66. Bb7 Rg4 67. Bf3 Rd4 68. Bd5 Kf6 
69. Bc6 Rg4 70. Bd5 Rg3 71. Bc6 Ke6 72. Bb7 Rg7 73. Bf3 Kf6 74. b4 axb4 
75. axb4 Bxb4 76. Rc4 Bd6 77. Rc6 Ke5 78. Kxe3 Re7 79. Kf2 Rb7 80. Rc4 Rb2+ 
81. Kf1 Rb1+ 82. Ke2 Rb2+ 83. Kf1 Be7 84. Bc6 Rb1+ 85. Ke2 Rb2+ 86. Kf1 Rd2 
87. Ba4 h3 88. gxh3 f4 89. Bc6 Rd4 90. Rxd4 Kxd4 1/2-1/2

[Event "Saturday Night Engine Tour 13 rd Swiss 5m+1s Starts at 2200hrs ST"]
[Site "Infinity Chess"]
[Date "2018.1.14"]
[Round "13"]
[White "OlivierEvan"]
[Black "MrScience"]
[Result "0-1"]
[ECO "A20"]
[WhiteElo "2490"]
[BlackElo "2557"]
[WhiteEngine "Houdini 6"]
[BlackEngine "BrainFish_x64_modern"]
[EventType "Swiss"]
[WhiteTeam ""]
[BlackTeam ""]
[PlyCount "198"]
[TimeControl "300+1"]

1. c4 e5 2. b3 Nf6 3. Bb2 Nc6 4. Nf3 e4 5. Nd4 Bc5 6. Nf5 O-O 7. e3 d5 
8. cxd5 Nb4 9. Ng3 Nfxd5 10. Qc1 Bb6 11. Nxe4 Re8 12. Nbc3 Nf4 13. exf4 Qh4 
14. Be2 Bxf2+ 15. Kf1 Bb6 16. d4 Bxd4 17. Qd2 Bb6 18. Bf3 Bf5 19. Qe2 Rad8 
20. g3 Qh3+ 21. Bg2 Bxe4 22. Nxe4 Qd7 23. Re1 Nd5 24. Qc4 Ne3+ 25. Rxe3 Bxe3 
26. Bf3 Qh3+ 27. Ke2 Bb6 28. Be5 Re7 29. a4 Red7 30. Qc3 Qe6 31. g4 Rd3 
32. Qxd3 Rxd3 33. Kxd3 Qxb3+ 34. Nc3 c6 35. f5 Qb2 36. Be4 Qb4 37. Rd1 f6 
38. Bf4 a6 39. h3 Ba5 40. Rc1 Qa3 41. Bd2 Kf8 42. Ke2 Qd6 43. Be3 Qg3 
44. Bf3 Qh2+ 45. Kd3 Qxh3 46. Ke4 Qh2 47. Kd3 Qd6+ 48. Ke2 Qh2+ 49. Kd3 Qb2 
50. Ne4 Qb3+ 51. Ke2 Qxa4 52. Kf2 Kg8 53. Nc5 Qa2+ 54. Be2 Bb6 55. Rd1 Bxc5 
56. Rd8+ Bf8 57. Bc5 h5 58. gxh5 Kh7 59. Bxf8 Qa5 60. Rd3 Qxf5+ 61. Ke1 Kg8 
62. Ba3 Kf7 63. h6 gxh6 64. Bb2 a5 65. Kd2 a4 66. Bxf6 Qxf6 67. Rf3 a3 
68. Kc2 a2 69. Rxf6+ Kxf6 70. Kb2 a1=Q+ 71. Kxa1 b6 72. Kb2 Kg5 73. Kc3 h5 
74. Kd4 h4 75. Ke3 b5 76. Bd3 b4 77. Bc4 c5 78. Be6 Kf6 79. Bd7 c4 80. Kd4 c3 
81. Kd3 Kg5 82. Bh3 Kf4 83. Bg2 Kg4 84. Ba8 h3 85. Bc6 h2 86. Bd5 Kg3 87. Ke2 b3 
88. Kd3 b2 89. Kc2 Kf2 90. Bh1 Kg1 91. Bd5 h1=R 92. Ba8 Kh2 93. Kb3 b1=Q+ 
94. Kxc3 Rc1+ 95. Kd4 Qf5 96. Bb7 Kg3 97. Ba8 Kf4 98. Bh1 Qc5+ 99. Kd3 Qe3# 0-1

[Event "Saturday Night Engine Tour 13 rd Swiss 5m+1s Starts at 2200hrs ST"]
[Site "Infinity Chess"]
[Date "2018.1.14"]
[Round "13"]
[White "Cepri"]
[Black "xeonrocks"]
[Result "1/2-1/2"]
[ECO "C50"]
[WhiteElo "2475"]
[BlackElo "2595"]
[WhiteEngine "asmFishW_12J18Mb_CTG"]
[BlackEngine "asmFishW_bmi2.exe_CTG"]
[EventType "Swiss"]
[WhiteTeam ""]
[BlackTeam ""]
[PlyCount "123"]
[TimeControl "300+1"]

1. e4 e5 2. Nf3 Nc6 3. Bc4 Bc5 4. O-O Nf6 5. d3 d6 6. c3 a5 7. a4 O-O 8. Bg5 h6 
9. Bh4 g5 10. Bg3 Kg7 11. Na3 Ne7 12. Re1 Ng6 13. Nc2 Bb6 14. d4 Nxe4 
15. Rxe4 f5 16. Re1 f4 17. Bd3 fxg3 18. fxg3 g4 19. Nd2 Qg5 20. Kh1 Be6 
21. c4 c6 22. Ne4 Qe7 23. Nc3 exd4 24. Nd5 cxd5 25. cxd5 Ne5 26. dxe6 Qxe6 
27. Bb5 d3 28. Bxd3 Rf2 29. Be4 Raf8 30. Bd5 Qf6 31. Nd4 Bxd4 32. Qxd4 Rf1+ 
33. Rxf1 Qxf1+ 34. Qg1 Qxg1+ 35. Kxg1 Rb8 36. b3 Kf6 37. Rd1 b5 38. axb5 Rxb5 
39. Kf2 Nd7 40. Bc4 Rf5+ 41. Ke3 Ke7 42. Rd5 Re5+ 43. Kf4 Nb6 44. Rd4 Nxc4 
45. Rxc4 h5 46. b4 a4 47. b5 Rxb5 48. Rxa4 Kf6 49. Rd4 Rf5+ 50. Ke3 Ke5 
51. Re4+ Kf6 52. Rd4 Re5+ 53. Kf4 d5 54. Ra4 Re2 55. Ra6+ Re6 56. Rxe6+ Kxe6 
57. h3 d4 58. hxg4 d3 59. Ke3 d2 60. Kxd2 hxg4 61. Kd3 Kd5 62. Kd2 1/2-1/2

[Event "Saturday Night Engine Tour 13 rd Swiss 5m+1s Starts at 2200hrs ST"]
[Site "Infinity Chess"]
[Date "2018.1.14"]
[Round "13"]
[White "incredible"]
[Black "Gilgamesch"]
[Result "1/2-1/2"]
[ECO "D31"]
[WhiteElo "2486"]
[BlackElo "2585"]
[WhiteEngine "stockfish_18011309_x64_bmi2"]
[BlackEngine "BrainFish_171005_x64_bmi2"]
[EventType "Swiss"]
[WhiteTeam ""]
[BlackTeam ""]
[PlyCount "82"]
[TimeControl "300+1"]

1. d4 d5 2. c4 e6 3. Nc3 c6 4. Nf3 Nf6 5. Bg5 h6 6. Bxf6 Qxf6 7. e3 Nd7 
8. Bd3 dxc4 9. Bxc4 g6 10. O-O Qe7 11. e4 Bg7 12. e5 O-O 13. Rc1 c5 14. Re1 cxd4 
15. Qxd4 Nb6 16. Ne4 Bd7 17. Nf6+ Kh8 18. Qe3 Rac8 19. Bb3 Rxc1 20. Rxc1 Bc6 
21. Nd4 Rc8 22. Rc3 Bxf6 23. Qxh6+ Kg8 24. exf6 Qxf6 25. Qe3 Bd7 26. h3 Rxc3 
27. bxc3 Bc6 28. Nxc6 bxc6 29. c4 Qe7 30. Qe5 Qb4 31. g3 c5 32. Qb8+ Kg7 
33. Qe5+ Kh7 34. Kh2 Kg8 35. Qb8+ Kg7 36. Qxa7 Qe1 37. Qxb6 Qxf2+ 38. Kh1 Qf1+ 
39. Kh2 Qf2+ 40. Kh1 Qf1+ 41. Kh2 Qf2+ 1/2-1/2

[Event "Saturday Night Engine Tour 13 rd Swiss 5m+1s Starts at 2200hrs ST"]
[Site "Infinity Chess"]
[Date "2018.1.14"]
[Round "12"]
[White "ocirema"]
[Black "KULLANI"]
[Result "1/2-1/2"]
[ECO "C50"]
[WhiteElo "2495"]
[BlackElo "2440"]
[WhiteEngine "stockfish_18010422_x64_modern_CTG"]
[BlackEngine "BrainFish_180106_x64_CTG"]
[EventType "Swiss"]
[WhiteTeam ""]
[BlackTeam ""]
[PlyCount "103"]
[TimeControl "300+1"]

1. e4 e5 2. Nf3 Nc6 3. Bc4 Bc5 4. O-O Nf6 5. d3 d6 6. c3 a5 7. Re1 h6 
8. Nbd2 O-O 9. h3 Be6 10. a4 Ba7 11. Bxe6 fxe6 12. Qb3 d5 13. Qxb7 Qe8 
14. Qb3 Rb8 15. Qc2 Qg6 16. Nh4 Qh5 17. Nhf3 Nh7 18. Nf1 Rxf3 19. gxf3 Qxf3 
20. Kh2 Bxf2 21. Qe2 Qf6 22. Rd1 Rf8 23. Kh1 Qh4 24. Qg4 Qxg4 25. hxg4 dxe4 
26. dxe4 Nf6 27. Kg2 Nxg4 28. Nh2 Nxh2 29. Kxh2 Bb6 30. Kg3 Rf2 31. Rd7 Re2 
32. Bd2 Rxe4 33. Kf3 Rh4 34. Re1 Kf8 35. Rf1 Rxa4 36. b3 e4+ 37. Ke2+ Ke8 
38. bxa4 Kxd7 39. Rf7+ Kd6 40. Rxg7 Nb8 41. c4 Na6 42. Bxh6 Kc5 43. Rg4 Kb4 
44. Rxe4 Nc5 45. Bd2+ Kb3 46. Rh4 Nxa4 47. Rh5 Kxc4 48. Bxa5 Bxa5 49. Rxa5 Nc3+ 
50. Ke3 c5 51. Ra8 Nd5+ 52. Ke4 1/2-1/2

[Event "Saturday Night Engine Tour 13 rd Swiss 5m+1s Starts at 2200hrs ST"]
[Site "Infinity Chess"]
[Date "2018.1.14"]
[Round "12"]
[White "SkyPilot"]
[Black "neófito"]
[Result "1/2-1/2"]
[ECO "C11"]
[WhiteElo "2542"]
[BlackElo "2484"]
[WhiteEngine "stockfish_x64_bmi2_2018_01_01_CTG"]
[BlackEngine "BrainFish_180106_x64_bmi2_CTG"]
[EventType "Swiss"]
[WhiteTeam ""]
[BlackTeam ""]
[PlyCount "156"]
[TimeControl "300+1"]

1. e4 e6 2. d4 d5 3. Nc3 Nf6 4. e5 Nfd7 5. f4 c5 6. Nf3 Nc6 7. Be3 Qb6 
8. Na4 Qa5+ 9. c3 c4 10. b4 Qc7 11. Be2 b5 12. Nc5 Nxc5 13. bxc5 a5 14. a3 Rb8 
15. Bd2 b4 16. axb4 axb4 17. cxb4 Nxb4 18. Bc3 Nc6 19. h4 Be7 20. h5 Bd7 
21. h6 g6 22. Qd2 O-O 23. Kf2 Rb7 24. Rhc1 Ra7 25. g4 Rxa1 26. Rxa1 f6 
27. exf6 Bxf6 28. g5 Bd8 29. Kg3 Bc8 30. Bf1 Qf7 31. Ne5 Nxe5 32. dxe5 Qb7 
33. Be2 Be7 34. Ra5 Qc6 35. Bd4 Bd7 36. Bd1 Rb8 37. Qa2 Qc8 38. Bc2 Bb5 
39. Qa3 Kf7 40. Kf2 Bc6 41. Ke2 Ra8 42. Rxa8 Bxa8 43. Qa4 Bc6 44. Qa7 Bd7 
45. Kf2 Qc6 46. Ke2 Kf8 47. Kf3 Kf7 48. Kf2 Kg8 49. Qb8+ Be8 50. Kg2 Qd7 
51. Kg3 Kf7 52. Bd1 Kf8 53. Bf3 Kf7 54. Qa8 Kf8 55. Qb8 Kg8 56. Qa8 Bd8 
57. Be3 Qc7 58. Bxd5 exd5 59. Qxd5+ Kf8 60. e6 c3 61. c6 c2 62. Qc4 Bxc6 
63. Qc3 Kg8 64. e7 Qxe7 65. Qc4+ Qf7 66. Qxc6 c1=Q 67. Bxc1 Qb3+ 68. Qf3 Qxf3+ 
69. Kxf3 Kf7 70. Kg4 Be7 71. Bd2 Ke6 72. Be3 Bd6 73. f5+ gxf5+ 74. Kh5 f4 
75. Bxf4 Bxf4 76. g6 Be5 77. g7 Kf7 78. Kg5 Ba1 1/2-1/2

[Event "Saturday Night Engine Tour 13 rd Swiss 5m+1s Starts at 2200hrs ST"]
[Site "Infinity Chess"]
[Date "2018.1.14"]
[Round "12"]
[White "OlivierEvan"]
[Black "KillBill2017"]
[Result "1/2-1/2 "]
[ECO "A08"]
[WhiteElo "2492"]
[BlackElo "2442"]
[WhiteEngine "Houdini 6"]
[BlackEngine "asmFishW_2018-01-12_popcnt_CTG"]
[EventType "Swiss"]
[WhiteTeam ""]
[BlackTeam ""]
[PlyCount "375"]
[TimeControl "300+1"]

1. Nf3 d5 2. g3 c5 3. Bg2 Nf6 4. O-O e6 5. c4 d4 6. d3 Nc6 7. e3 Bd6 
8. exd4 cxd4 9. Na3 O-O 10. Nc2 e5 11. b4 Re8 12. Re1 a6 13. a4 Bf5 14. Ba3 Rc8 
15. Nh4 Bg4 16. Qd2 b5 17. axb5 axb5 18. Bb2 Qd7 19. cxb5 Ne7 20. Ra6 Rb8 
21. f4 exf4 22. Bxd4 fxg3 23. Bxf6 gxf6 24. Re4 Be6 25. Rd4 Nd5 26. Rxd5 Bxd5 
27. Bxd5 Rxb5 28. Bc6 gxh2+ 29. Kh1 Qg4 30. Nf3 Rbe5 31. Ra8 Bb8 32. Rxb8 Rxb8 
33. Ne3 Rxe3 34. Qxe3 Rxb4 35. Qc1 Qg3 36. Qc2 Kh8 37. Bb7 Kg7 38. Bc6 Rb6 
39. Bd5 Rb5 40. Bc6 Rb6 41. Bd5 Rb5 42. Bc6 Rb4 43. Qxh2 Rb1+ 44. Ng1 Qxd3 
45. Qg2+ Qg6 46. Be4 Qxg2+ 47. Kxg2 Rb5 48. Ne2 f5 49. Nd4 Rb2+ 50. Bc2 Kf6 
51. Kf3 Ra2 52. Ke3 Ra3+ 53. Kf4 Rc3 54. Bb1 Rc4 55. Ke3 Rc5 56. Nf3 Rc4 
57. Nd4 Rc5 58. Nf3 Rc3+ 59. Kf4 Rc4+ 60. Ke3 Rc1 61. Bd3 Rc3 62. Ke2 Rb3 
63. Ke3 Rb4 64. Kf2 Rb2+ 65. Ke3 Rb4 66. Kf2 Rb2+ 67. Ke3 Rb3 68. Kd2 Ra3 
69. Ke2 Ra2+ 70. Ke3 Ra7 71. Bc2 Ra2 72. Bd3 Ra1 73. Kf4 Ra4+ 74. Kg3 Ra2 
75. Kf4 Ra4+ 76. Kg3 Rg4+ 77. Kh3 Rg7 78. Kh4 Rg8 79. Ba6 Rg4+ 80. Kh3 Rf4 
81. Kg3 Re4 82. Bf1 Re3 83. Bc4 Re8 84. Ba6 Rg8+ 85. Kh4 Rg4+ 86. Kh3 Rb4 
87. Kg3 Rb3 88. Bf1 Rb7 89. Bc4 Re7 90. Bb5 Rc7 91. Ne1 Rc3+ 92. Nf3 Rc8 
93. Kf4 Rb8 94. Bd3 Rb4+ 95. Kg3 Rg4+ 96. Kh3 Rg8 97. Kh4 Rg7 98. Bc4 h6 
99. Bd5 Rg2 100. Kh5 Rg3 101. Kh4 Rg8 102. Bb3 Rc8 103. Kg3 Rh8 104. Bd5 Rg8+ 
105. Kf2 h5 106. Bc4 Rc8 107. Bf1 f4 108. Ba6 Rg8 109. Bd3 Re8 110. Bc4 Rd8 
111. Ba6 Re8 112. Bc4 Rc8 113. Ba6 Rc6 114. Bb7 Rb6 115. Be4 Rb2+ 116. Kf1 Rb4 
117. Bd5 Rb2 118. Be4 Ke6 119. Bd3 Rb8 120. Bc4+ Kf6 121. Kg2 Rg8+ 122. Kf2 Ra8 
123. Bb5 Ra2+ 124. Kf1 Ra3 125. Kf2 Re3 126. Bc4 Ra3 127. Bb5 Ra7 128. Bd3 Rd7 
129. Bf1 Rd8 130. Ba6 Kf5 131. Bc4 Rf8 132. Bd3+ Kf6 133. Kg2 Rc8 134. Kf2 Rh8 
135. Be2 Rf8 136. Bb5 Ra8 137. Bc4 Ra4 138. Bd5 Ra5 139. Bb3 Rc5 140. Nh4 Rc8 
141. Nf3 Rb8 142. Bd1 Kf5 143. Bc2+ Kf6 144. Bd1 Rh8 145. Be2 Ra8 146. Bc4 Ra7 
147. Bd3 Ra4 148. Be2 Rb4 149. Ng1 Kg6 150. Bd3+ Kf6 151. Be2 Rb2 152. Kf3 Ke5 
153. Kf2 Ra2 154. Nf3+ Kf6 155. Nh4 Kg5 156. Nf3+ Kh6 157. Nh4 f6 158. Nf3 Rb2 
159. Ne1 Ra2 160. Nf3 Ra4 161. Bf1 Ra7 162. Bc4 Ra4 163. Bf1 Ra3 164. Be2 Re3 
165. Nh4 Rc3 166. Nf3 Rc7 167. Nd4 Rc3 168. Nf3 Rb3 169. Nd4 Ra3 170. Nf3 Re3 
171. Nh4 Rb3 172. Nf5+ Kg5 173. Nd4 Rb6 174. Kg2 f5 175. Kf2 Rb4 176. Nf3+ Kg6 
177. Ne5+ Kf6 178. Nd3 Rd4 179. Kf3 h4 180. Nxf4 Rd2 181. Nh3 Ra2 182. Ng1 Ra3+ 
183. Kg2 Rb3 184. Nf3 Rb2 185. Ng1 Rc2 186. Kf2 Ra2 187. Kf3 Kg5 188. Nh3+ 
1/2-1/2

[Event "Saturday Night Engine Tour 13 rd Swiss 5m+1s Starts at 2200hrs ST"]
[Site "Infinity Chess"]
[Date "2018.1.14"]
[Round "12"]
[White "Pirate"]
[Black "Dovahkiin"]
[Result "1-0"]
[ECO "B04"]
[WhiteElo "2557"]
[BlackElo "2425"]
[WhiteEngine "asmFishW_20_bmi2_CTG"]
[BlackEngine "BrainFish_180106_x64_modern_CTG"]
[EventType "Swiss"]
[WhiteTeam ""]
[BlackTeam ""]
[PlyCount "104"]
[TimeControl "300+1"]

1. e4 Nf6 2. e5 Nd5 3. d4 d6 4. Nf3 dxe5 5. Nxe5 e6 6. Qf3 Qf6 7. Qg3 h6 
8. Nc3 Nb4 9. Bb5+ Nd7 10. Ba4 c6 11. O-O Nxe5 12. dxe5 Qf5 13. Be3 b5 
14. Bb3 Nd5 15. Nxd5 cxd5 16. c3 Bd7 17. f4 a5 18. Qf2 Rc8 19. Qd2 a4 
20. Bc2 Qg4 21. Rae1 b4 22. cxb4 Bxb4 23. Qxb4 Rxc2 24. Bd2 Rc4 25. Qb8+ Rc8 
26. Qa7 Rc2 27. Rc1 Rxb2 28. Rf2 O-O 29. Qxd7 Rxa2 30. Be3 Rxf2 31. Kxf2 Qh5 
32. h3 a3 33. Qa7 Qh4+ 34. Kf1 d4 35. Qxd4 Ra8 36. Qd7 Qg3 37. Rc8+ Rxc8 
38. Qxc8+ Kh7 39. Qc2+ Kg8 40. Bc1 g5 41. Qc8+ Kg7 42. Qa6 Qc3 43. Qxa3 Qc4+ 
44. Kg1 gxf4 45. Qb2 Kg6 46. Kh2 Kf5 47. Qd2 h5 48. Qd1 Kg6 49. Bb2 Qb5 
50. Qc2+ Kg5 51. g3 fxg3+ 52. Kxg3 Kh6 1-0

[Event "Saturday Night Engine Tour 13 rd Swiss 5m+1s Starts at 2200hrs ST"]
[Site "Infinity Chess"]
[Date "2018.1.14"]
[Round "12"]
[White "Thor"]
[Black "Cepri"]
[Result "1/2-1/2"]
[ECO "C55"]
[WhiteElo "2607"]
[BlackElo "2470"]
[WhiteEngine "asmFishW_2017-11-19_bmi2"]
[BlackEngine "asmFishW_12J18Mb_CTG"]
[EventType "Swiss"]
[WhiteTeam ""]
[BlackTeam ""]
[PlyCount "196"]
[TimeControl "300+1"]

1. e4 e5 2. Nf3 Nc6 3. Bc4 Nf6 4. d3 Bc5 5. O-O d6 6. c3 O-O 7. Nbd2 a6 
8. a4 Ne7 9. Re1 Ba7 10. h3 Ng6 11. d4 c6 12. Bf1 Re8 13. Qc2 Qc7 14. dxe5 Nxe5 
15. Nxe5 dxe5 16. a5 h6 17. Nf3 Qe7 18. Bd2 Nh7 19. Qc1 Qf6 20. Be3 Bb8 
21. Kh2 Be6 22. b4 Bc7 23. Qc2 Qg6 24. g3 Rad8 25. Rad1 Nf6 26. Bd3 Rxd3 
27. Qxd3 Rd8 28. Qe2 Rxd1 29. Qxd1 Nxe4 30. Nh4 Qf6 31. Qf3 Qxf3 32. Nxf3 Nxc3 
33. Bb6 Bxb6 34. axb6 Nd5 35. Nxe5 Nxb6 36. Nd3 Kf8 37. g4 Nd5 38. Kg3 g6 
39. f3 Ke7 40. h4 g5 41. h5 Kd6 42. f4 gxf4+ 43. Nxf4 Nxf4 44. Kxf4 f6 
45. Rd1+ Ke7 46. Ra1 Kd6 47. Re1 Bd7 48. Rd1+ Ke7 49. Rb1 Kd6 50. Re1 Be6 
51. Rd1+ Ke7 52. Rd4 b6 53. Rd1 Bc8 54. Ra1 Kd6 55. Re1 Be6 56. Rf1 Ke7 
57. Rg1 Bc8 58. Rc1 Bd7 59. Ra1 Bc8 60. Re1+ Be6 61. Rc1 Kd6 62. Ra1 Bc8 
63. Rd1+ Ke7 64. Rb1 Be6 65. Re1 Kd6 66. Rc1 Bc8 67. Ra1 Ke7 68. Ra2 Ke6 
69. Re2+ Kf7 70. Rc2 Bd7 71. Rc1 Ke7 72. Kf3 Be6 73. Ra1 Bc4 74. Kg3 Kd6 
75. Rd1+ Bd5 76. Ra1 Bc4 77. Kf4 Ke6 78. Rc1 Bd5 79. Ra1 Bc4 80. Rc1 Bd5 
81. Rd1 Kf7 82. Rd3 Ke6 83. Rd1 Kf7 84. Rd3 Ke6 85. Rc3 Kf7 86. Rh3 Be6 
87. Rd3 Bd5 88. Kg3 Ke6 89. Rc3 Kf7 90. Kh3 Ke6 91. Kh4 Ke5 92. Re3+ Be4 
93. Ra3 c5 94. bxc5 bxc5 95. Kg3 c4 96. Kf2 Kf4 97. Rxa6 Kxg4 98. Rxf6 Kxh5 
1/2-1/2

[Event "Saturday Night Engine Tour 13 rd Swiss 5m+1s Starts at 2200hrs ST"]
[Site "Infinity Chess"]
[Date "2018.1.14"]
[Round "12"]
[White "MrScience"]
[Black "RonWeasley"]
[Result "1/2-1/2"]
[ECO "C00"]
[WhiteElo "2558"]
[BlackElo "2527"]
[WhiteEngine "BrainFish_x64_modern"]
[BlackEngine "BrainFish 060118_CTG"]
[EventType "Swiss"]
[WhiteTeam ""]
[BlackTeam ""]
[PlyCount "141"]
[TimeControl "300+1"]

1. e4 e6 2. Nc3 d5 3. d4 Nf6 4. e5 Nfd7 5. f4 c5 6. Nf3 Nc6 7. Be3 cxd4 
8. Nxd4 Qb6 9. Qd2 Qxb2 10. Rb1 Qa3 11. Bb5 Nxd4 12. Bxd4 a6 13. Bxd7+ Bxd7 
14. Rb3 Qe7 15. Rxb7 Rc8 16. O-O Qd8 17. Qf2 Rxc3 18. Bxc3 Qc8 19. Rb3 Ba4 
20. Bd4 Bxb3 21. axb3 Be7 22. c3 O-O 23. b4 Qc6 24. Ra1 Bd8 25. h4 Bc7 26. h5 h6 
27. g4 a5 28. g5 axb4 29. gxh6 gxh6 30. Kh1 Kh8 31. Rg1 Rg8 32. Rxg8+ Kxg8 
33. Qg1+ Kf8 34. Bc5+ Ke8 35. Qg8+ Kd7 36. Qxf7+ Kc8 37. cxb4 d4+ 38. Kg1 d3 
39. Qg8+ Kb7 40. Kf2 Qe4 41. Be3 d2 42. Bxd2 Bb6+ 43. Kg3 Qd3+ 44. Kg4 Qxd2 
45. Qxe6 Qe2+ 46. Kf5 Qxh5+ 47. Ke4 Qh1+ 48. Kf5 Qh5+ 49. Ke4 Kc7 50. Qd6+ Kb7 
51. Qd5+ Ka6 52. Qd3+ Kb7 53. b5 Qh1+ 54. Kf5 Qh5+ 55. Ke4 Qg6+ 56. f5 Qg4+ 
57. Kd5 Qg8+ 58. e6 Qd8+ 59. Kc4 Qh4+ 60. Kb3 Kb8 61. f6 Qxf6 62. Qd6+ Bc7 
63. Qc6 Qe7 64. b6 Bd8 65. Qd5 Qe8 66. Qe5+ Kb7 67. e7 Qxe7 68. Qxe7+ Bxe7 
69. Kc4 Bd8 70. Kc3 Kc8 71. b7+ 1/2-1/2

[Event "Saturday Night Engine Tour 13 rd Swiss 5m+1s Starts at 2200hrs ST"]
[Site "Infinity Chess"]
[Date "2018.1.14"]
[Round "12"]
[White "Gilgamesch"]
[Black "MiKachomiKa QueeN"]
[Result "1-0"]
[ECO "C50"]
[WhiteElo "2572"]
[BlackElo "2493"]
[WhiteEngine "BrainFish_171005_x64_bmi2"]
[BlackEngine "stockfish_18011309_x64_modern_CTG"]
[EventType "Swiss"]
[WhiteTeam ""]
[BlackTeam ""]
[PlyCount "167"]
[TimeControl "300+1"]

1. e4 e5 2. Nf3 Nc6 3. Bc4 Bc5 4. O-O Nf6 5. d3 d6 6. c3 O-O 7. h3 h6 8. Re1 a5 
9. Nbd2 Be6 10. b3 Bb6 11. Bb2 Nh5 12. d4 Nf4 13. d5 Bxh3 14. g3 Ng2 15. Re2 Ne7 
16. Kh2 Qd7 17. Ng1 Bxf2 18. Nxh3 Ne3 19. Rxe3 Bxe3 20. Bd3 Bxd2 21. Qxd2 a4 
22. b4 Qg4 23. Rg1 f5 24. Be2 Qg6 25. exf5 Nxf5 26. Rg2 Rf6 27. Nf2 Ne7 
28. Bd3 Qf7 29. Ne4 Rf3 30. Be2 b5 31. Bxf3 Qxf3 32. Qe2 Qxe2 33. Rxe2 Nxd5 
34. Bc1 Rf8 35. Kg2 Kf7 36. Rf2+ Ke8 37. Rxf8+ Kxf8 38. g4 Ke7 39. Kf2 Ke6 
40. Kf3 g5 41. Bd2 Kf7 42. a3 Kg7 43. c4 bxc4 44. b5 Kf7 45. Nc3 Nf6 
46. Nxa4 Ke6 47. Nc3 d5 48. a4 e4+ 49. Ke3 Kd6 50. a5 Kc5 51. Bc1 d4+ 
52. Ke2 d3+ 53. Ke1 Kb4 54. a6 Kxc3 55. a7 Kc2 56. a8=Q Kxc1 57. Qa1+ Kc2 
58. Qa2+ Kc3 59. Qa1+ Kc2 60. Qa2+ Kc3 61. Qh2 Nxg4 62. Qxc7 d2+ 63. Ke2 e3 
64. b6 Nf2 65. Qd7 Kc2 66. Qa4+ Kc3 67. b7 d1=Q+ 68. Qxd1 Nxd1 69. Kxd1 Kd3 
70. b8=Q e2+ 71. Ke1 c3 72. Qd6+ Kc2 73. Qxh6 Kd3 74. Qxg5 c2 75. Qf4 c1=Q+ 
76. Qxc1 Ke4 77. Qc5 Kd3 78. Qd6+ Ke3 79. Qd5 Kf4 80. Kxe2 Kg4 81. Qe5 Kh3 
82. Kf3 Kh4 83. Qc5 Kh3 84. Qh5# 1-0

[Event "Saturday Night Engine Tour 13 rd Swiss 5m+1s Starts at 2200hrs ST"]
[Site "Infinity Chess"]
[Date "2018.1.14"]
[Round "12"]
[White "BlitzMaster"]
[Black "Vimtiroba"]
[Result "1/2-1/2"]
[ECO "C50"]
[WhiteElo "2577"]
[BlackElo "2543"]
[WhiteEngine "stockfish_18010422_x64_modern_CTG"]
[BlackEngine "SF@130118_CTG"]
[EventType "Swiss"]
[WhiteTeam ""]
[BlackTeam ""]
[PlyCount "86"]
[TimeControl "300+1"]

1. e4 e5 2. Nf3 Nc6 3. Bc4 Bc5 4. O-O Nf6 5. d3 d6 6. c3 a5 7. Re1 O-O 8. Bg5 h6 
9. Bh4 Ba7 10. Nbd2 g5 11. Bg3 Nh7 12. h3 g4 13. hxg4 Bxg4 14. Bd5 Ng5 
15. Qc2 Qf6 16. Nh4 Ne7 17. d4 exd4 18. e5 dxe5 19. Bxe5 Nh3+ 20. gxh3 Qxh4 
21. hxg4 Nxd5 22. Qf5 Ne7 23. Qf3 f5 24. gxf5 Rxf5 25. Bg3 Rxf3 26. Bxh4 Rf4 
27. Bxe7 dxc3 28. Ne4 cxb2 29. Rab1 Re8 30. Rxb2 Kf7 31. Rxb7 Rxe7 
32. Rxa7 Rexe4 33. Rxe4 Rxe4 34. Rxa5 Rf4 35. Kg2 c5 36. Rxc5 Kg6 37. Rc6+ Kf5 
38. a3 Ra4 39. f3 h5 40. Kg3 h4+ 41. Kh3 Kg5 42. Rc3 Kf4 43. Kxh4 Rd4 1/2-1/2

[Event "Saturday Night Engine Tour 13 rd Swiss 5m+1s Starts at 2200hrs ST"]
[Site "Infinity Chess"]
[Date "2018.1.14"]
[Round "12"]
[White "xeonrocks"]
[Black "incredible"]
[Result "1/2-1/2"]
[ECO "B28"]
[WhiteElo "2600"]
[BlackElo "2481"]
[WhiteEngine "asmFishW_bmi2.exe_CTG"]
[BlackEngine "stockfish_18011309_x64_bmi2"]
[EventType "Swiss"]
[WhiteTeam ""]
[BlackTeam ""]
[PlyCount "120"]
[TimeControl "300+1"]

1. e4 c5 2. Nf3 a6 3. Nc3 d6 4. g3 Nc6 5. Bg2 Bg4 6. h3 Bxf3 7. Qxf3 g6 
8. e5 Bh6 9. exd6 Qxd6 10. Ne4 Qc7 11. d3 Nd4 12. Qd1 Bxc1 13. Rxc1 Nf6 
14. O-O Nxe4 15. Bxe4 Rd8 16. c3 Ne6 17. Qb3 b5 18. Bd5 Rd6 19. Rfe1 O-O 
20. Bxe6 fxe6 21. Re3 c4 22. Qc2 cxd3 23. Rxd3 Qc4 24. Rxd6 exd6 25. Rd1 Qc5 
26. Rd2 d5 27. a4 Rf3 28. Kg2 Rf7 29. Qd3 bxa4 30. Qxa6 a3 31. Qxa3 Qxa3 
32. bxa3 Ra7 33. Ra2 Ra4 34. Kf3 Kf7 35. Ke2 e5 36. Kd3 Ke6 37. Kc2 Kd6 
38. Kb3 Ra6 39. a4 Kc5 40. a5 Kb5 41. Re2 e4 42. Rd2 Kc5 43. Ra2 Kb5 
44. c4+ dxc4+ 45. Kc3 g5 46. Ra1 Kc5 47. Ra4 Kd5 48. Rxc4 Rxa5 49. Rd4+ Ke5 
50. Rd7 Ra3+ 51. Kc4 Rf3 52. Rxh7 Rxf2 53. Re7+ Kf6 54. Rxe4 Kg6 55. g4 Rf3 
56. Kc5 Rc3+ 57. Kb4 Rxh3 58. Kc4 Ra3 59. Rd4 Ra1 60. Rd6+ Kf7 1/2-1/2